Description

This build order is not very standard. It works well but it needs a good scouting to have the perfect reaction when you play it. It's more a troll build than a viable one.

Few tips :

  • Try to scout as frequently as possible
  • You need to use a lot of cannons and shield batteries to hold every timing attacks
  • Focus important units: Archons are the most important
  • Try to use your sentries in harass
  • Have fun :)

VOD

https://youtu.be/XaZw8sj0QbE

Replay - PROtoss v zuka - Croisement de Kairos EC

Build Order

Get SALT Encoding   

  12  0:00  Probe  
  13  0:12  Probe  
  14  0:17  Pylon  
  14  0:23  Probe  
  15  0:31  Probe  
  15  0:37  Gateway  
  15  0:39  Probe  
  16  0:46  Assimilator  
  17  0:51  Probe  
  17  0:54  Assimilator  
  18  1:01  Probe  
  19  1:09  Probe  
  19  1:13  Gateway  
  19  1:17  Probe  
  20  1:24  Cybernetics Core  
  21  1:29  Probe  
  22  1:35  Pylon  
  28  2:01  Sentry x2  
  28  2:07  Warp Gate  
  29  2:12  Pylon  
  32  2:30  Sentry  
  32  2:35  Nexus  
  32  2:40  Phoenix  
  32  2:41  Shield Battery  
  32  2:45  Sentry  
  35  2:57  Pylon  
  35  3:03  Sentry  
  40  3:21  Pylon  
  42  3:42  Nexus  
  43  3:55  Sentry  
  47  4:01  Sentry  
  52  4:12  Assimilator x2  
  56  4:37  Sentry x2  
  63  4:58  Forge, Gateway  
  65  5:01  Sentry  
  65  5:06  Shield Battery x2  
  74  5:31  Photon Cannon x3  
  74  6:01  Photon Cannon x3  
  76  6:05  Shield Battery  
  77  6:15  Protoss Ground Weapons Level 1  
  83  6:29  Assimilator x2  
  83  6:32  Nexus  
  95  6:51  Gateway  
  103  7:20  Photon Cannon x2  
  106  7:35  Robotics Facility  
  106  7:36  Gateway x3  
  113  7:48  Twilight Council  
  125  8:06  Photon Cannon x2  
  125  8:10  Shield Battery x2  
  132  8:25  Assimilator x2  
  137  8:36  Protoss Ground Weapons Level 2  
  137  8:38  Colossus  
  138  8:44  Shield Battery x2  
  138  8:45  Observer  
  139  8:56  Warp Prism  
  139  9:03  Nexus  
  151  9:20  Shield Battery  
Spawning Tool Build Advisor. Get it on Overwolf

Go to:

Details

  • Created by: zuka      
  • Published on: Mar 04, 2019
  • Modified on: Mar 04, 2019
  • Patch: 4.7.1
Show
View Real Time Build Order
Export as new Build Order

Comments (0)

There are no comments. Be the first!

Create an account to comment!